 Dungeon Crawl Stone Soup version 0.23-a0-837-ga3e6480 (console) character file.

29 bli the Slasher (level 3, 0/29 HPs)
             Began as a Barachi Monk on Jan 24, 2019.
             Succumbed to an adder's poison
             ... on level 2 of the Dungeon.
             The game lasted 00:02:01 (927 turns).

bli the Slasher (Barachi Monk)                       Turns: 927, Time: 00:02:01

Health: 0/29       AC:  2    Str: 12    XL:     3   Next: 16%
Magic:  3/3        EV: 13    Int: 10    God:
Gold:   33         SH:  0    Dex: 15    Spells: 2/2 levels left

rFire    . . .     SeeInvis .   a - +0 falchion
rCold    . . .     Gourm    .   (no shield)
rNeg     . . .     Faith    .   b - +0 robe
rPois    .         Spirit   .   (no helmet)
rElec    .         Reflect  .   (no cloak)
rCorr    .         Harm     .   (no gloves)
MR       .....                  (no boots)
Stlth    ++........             (no amulet)
HPRegen  0.09/turn              (no ring)
MPRegen  0.08/turn              (no ring)

@: lethally poisoned (0 -> -10), slow
A: +LOS, swims, slowness 1, strong legs 1
a: Hop


You were on level 2 of the Dungeon.
You were hungry.

You visited 1 branch of the dungeon, and saw 2 of its levels.

You collected 33 gold pieces.

Inventory:

Hand Weapons
 a - a +0 falchion (weapon)
 e - a +0 dagger
Missiles
 g - 16 stones (quivered)
Armour
 b - a +0 robe (worn)
 f - a +0 plate armour
Scrolls
 d - a scroll of fear {unknown}
 h - a scroll of noise {unknown}
 i - a scroll of remove curse {unknown}
Comestibles
 c - a ration
 j - 2 chunks of flesh


   Skills:
 - Level 3.6 Fighting
 + Level 5.1 Long Blades
 - Level 3.2 Dodging
 - Level 1.7 Stealth


You had 2 spell levels left.
You didn't know any spells.
Your spell library was empty.

Dungeon Overview and Level Annotations

Branches:
Dungeon (2/15)

Altars:

Annotations:
D:2 Sigmund


Innate Abilities, Weirdness & Mutations

Shadows flee at your approach. (+LOS)
You can swim through water.
You cover ground slowly.
You can hop short distances.


Message History

You kill the adder!
Your Long Blades skill increases to level 5!
You have reached level 3!
Your experience leads to an increase in your attributes!
Increase (S)trength, (I)ntelligence, or (D)exterity?
You feel agile.
* * * LOW HITPOINT WARNING * * *
You feel sick.
* * * LOW HITPOINT WARNING * * *
You feel sick.
You see here 13 gold pieces.
* * * LOW HITPOINT WARNING * * *
You feel sick.
You aren't carrying any potions.
You hit the rat.
You kill the rat!
* * * LOW HITPOINT WARNING * * *
You feel sick.
You hit the goblin but do no damage.
You die...

.#. ... .### #....
... ... #... .#..
... ... .... ....
... #. ..... ..#
.....########.###
................
..........###.#####
#....@g.....#
#<#.###.###.# #.#.#
..# ###.#....
#.###### #.. ###


You could see a goblin.

Vanquished Creatures
  An adder (D:2)
  An ooze (D:2)
  A giant cockroach (D:1)
  A goblin (D:1)
  3 jackals (D:2)
  A frilled lizard (D:1)
  6 kobolds (D:1)
  3 rats
17 creatures vanquished.

Notes
Turn   | Place    | Note
-------+----------+-------------------------------------------
     0 | D:1      | bli the Barachi Monk began the quest for the Orb.
     0 | D:1      | Reached XP level 1. HP: 18/18 MP: 1/1
   245 | D:1      | Reached skill level 4 in Long Blades
   405 | D:1      | Reached XP level 2. HP: 24/24 MP: 2/2
   855 | D:2      | Noticed Sigmund
   923 | D:2      | Reached skill level 5 in Long Blades
   923 | D:2      | Reached XP level 3. HP: 6/29 MP: 3/3
   926 | D:2      | HP: 1/29 [poisoned by an adder]
   927 | D:2      | Succumbed to an adder's poison

Vault maps used:
D:1:      dpeg_arrival_connections, roderic_lattice_a
D:2:      st_stairs_12, uniq_terence, uniq_sigmund

Skill      XL: |  1  2 |
---------------+-------+-----
Long Blades    | 4 5 |  5.1
Fighting       | |  3.6
Dodging        | |  3.2
Stealth        | |  1.7

Action                   || total
-------------------------++-------
Melee: Falchion          ||    51
 Stab: Sleeping          ||     4
Armor: Robe              ||     4
Dodge: Dodged            ||    34
       Rpst.: Falchion   ||    10

Table legend:
 A = Non-vault XP
 B = Vault XP
 C = Vault XP percentage of total XP
 D = Non-vault monster count
 E = Vault monster count
 F = Vault count percentage of total count
                 A         B        C        D         E       F
            +---------+---------+-------+---------+---------+-------
      Total |      42 |       0 |   0.0 |      17 |       0 |   0.0
            +---------+---------+-------+---------+---------+-------
        D:1 |      14 |       0 |   0.0 |      11 |       0 |   0.0
        D:2 |      28 |       0 |   0.0 |       6 |       0 |   0.0
            +---------+---------+-------+---------+---------+-------
